 Dungeon Crawl Stone Soup version 0.28-a0-407-g69098e2f6d (console) character file.

Game seed: 86170570793740535

132 jejorda2 the Shield-Bearer (level 5, -7/32 HPs)
             Began as a Tengu Fighter on Sept 6, 2021.
             Was an Initiate of Okawaru.
             Mangled by an ogre (24 damage)
             ... on level 3 of the Dungeon.
             The game lasted 00:04:30 (2371 turns).

jejorda2 the Shield-Bearer (Tengu Fighter)          Turns: 2371, Time: 00:04:31

Health: -7/32      AC: 10    Str: 18    XL:     5   Next: 15%
Magic:  6/6        EV:  8    Int:  8    God:    Okawaru [......]
Gold:   135        SH:  5    Dex: 13    Spells: 4/4 levels left

rFire   . . .      SeeInvis +   a - +0 long sword
rCold   . . .      Faith    .   c - +0 buckler
rNeg    . . .      Spirit   .   l - +0 chain mail
rPois   .          Reflect  .   (helmet restricted)
rElec   .          Harm     .   (no cloak)
rCorr   +          Rampage  .   o - +0 pair of gloves
Will    .....                   (boots unavailable)
Stlth   ..........              (no amulet)
HPRegen 0.10/turn               h - ring of see invisible
MPRegen 0.10/turn               p - ring of resist corrosion

@: mighty, flying quickly and evasively, quick
A: beak, talons 3, nimble flight
a: Renounce Religion


You were on level 3 of the Dungeon.
You worshipped Okawaru.
Okawaru was noncommittal.
You visited 1 branch of the dungeon, and saw 3 of its levels.

You collected 135 gold pieces.

Inventory:

Hand Weapons
 a - a +0 long sword (weapon)
Missiles
 b - 25 poisoned darts (quivered)
 m - 6 sling bullets
Armour
 c - a +0 buckler (worn)
 l - a +0 chain mail (worn)
 o - a +0 pair of gloves (worn)
Jewellery
 h - a ring of see invisible (left hand)
 n - a ring of positive energy
 p - a ring of resist corrosion (right hand)
Scrolls
 e - 2 scrolls of teleportation {unknown}
 f - 2 scrolls of identify {unknown}
 g - a scroll of blinking {unknown}
 j - a scroll of enchant weapon {unknown}
 k - a scroll of fog {unknown}
 q - a scroll of enchant armour {unknown}
Potions
 d - a potion of might
 i - 3 potions of curing {unknown}
 r - a potion of flight {unknown}


   Skills:
 + Level 3.6 Fighting
 * Level 3.7 Long Blades
 + Level 4.0 Armour
 - Level 4.0 Shields


You had 4 spell levels left.
You didn't know any spells.
Your spell library was empty.

Dungeon Overview and Level Annotations

Branches:
Dungeon (3/15)

Altars:
Dithmenos
Fedhas
Okawaru
Qazlal
Xom

Shops:
D:1 *


Innate Abilities, Weirdness & Mutations

You have a beak for a mouth.
You have claws for feet.
Your magical nature lets you fly swiftly and evasively.


Message History

You barely miss the hobgoblin. Your kick misses the hobgoblin.
The hobgoblin hits you but does no damage.
You closely miss the hobgoblin. Your kick misses the hobgoblin.
The hobgoblin hits you.
You hit the hobgoblin.
You kill the hobgoblin!
Okawaru accepts your kill.
No target in view!
No target in view!
An adder comes into view.
The adder hisses angrily.
The adder moves out of view.
You closely miss the adder. Your kick misses the adder.
The adder barely misses you. The adder bites you but does no damage.
You slash the adder! Your kick misses the adder.
The adder is heavily wounded.
The adder bites you. The adder bites you but does no damage.
You miss the adder. You claw the adder. You peck the adder.
You kill the adder!
Okawaru accepts your kill.
Your Armour skill increases to level 4!
No target in view!
Found a stone staircase leading up.
Okay, then.
Unknown command.
You now have 135 gold pieces (gained 14).
There is a stone staircase leading up here.
An ogre comes into view. It is wielding a +0 giant club.
Found a scroll labelled XUTAPE TOBAAC.
The ogre shouts!
Okay, then.
You feel very mighty all of a sudden.
You slash the ogre! Your kick misses the ogre.
The ogre is moderately wounded.
The ogre hits you with a +0 giant club!
You slash the ogre!
The ogre is severely wounded.
The ogre hits you with a +0 giant club!!
Ouch! That really hurt!
You die...

#### #... #.##
#######.##
..........
####
#######.## ...
#.##
##.###########
#.##
#..@.........#
#.##
#.O#########.#
#.## #.. #.#
#.## #.. #.#
#<## #.? #.#
#.# #..
#.####.# #..
#......# ...
########


You could see an ogre.

Vanquished Creatures
  An iguana (D:2)
  6 adders
  A worm (D:3)
  2 dart slugs
  3 bats
  5 endoplasms
  A giant cockroach (D:1)
  4 goblins
  5 hobgoblins
  5 jackals
  A quokka (D:2)
  5 ball pythons
  2 frilled lizards (D:2)
  3 kobolds
  2 rats
46 creatures vanquished.

Notes
Turn   | Place    | Note
-------+----------+-------------------------------------------
     0 | D:1      | jejorda2 the Tengu Fighter began the quest for the Orb.
     0 | D:1      | Reached XP level 1. HP: 14/14 MP: 2/2
    81 | D:1      | Found Koefysi's Assorted Antiques.
   100 | D:1      | Reached XP level 2. HP: 10/19 MP: 3/3
   945 | D:2      | Reached XP level 3. HP: 18/23 MP: 4/4
  1318 | D:2      | Found an iron altar of Okawaru.
  1329 | D:2      | Became a worshipper of Warmaster Okawaru
  1413 | D:2      | Reached XP level 4. HP: 26/28 MP: 5/5
  1532 | D:2      | Noticed an eye of devastation
  1534 | D:2      | Found a faded altar of an unknown god.
  1538 | D:2      | Noticed a floating eye
  1541 | D:2      | Noticed a great orb of eyes
  1541 | D:2      | Noticed a floating eye
  2095 | D:3      | Found a shimmering altar of Xom.
  2095 | D:3      | Found a blossoming altar of Fedhas.
  2100 | D:3      | Gained mutation: Your magical nature lets you fly swiftly
                  | and evasively. [Tengu growth]
  2100 | D:3      | Reached XP level 5. HP: 32/32 MP: 6/6
  2105 | D:3      | Found a stormy altar of Qazlal.
  2107 | D:3      | Found a faded altar of an unknown god.
  2109 | D:3      | Found a shadowy altar of Dithmenos.
  2368 | D:3      | Noticed an ogre
  2371 | D:3      | Mangled by an ogre

Illustrated notes

Levels and vault maps discovered:
D:1:      roderic_octagonal_star, layout_loops_cross, serial_shops, shop,
          minmay_misc_feat_doors
D:2:      wander_river, layout_basic, basic_altar,
          hellmonk_ecumenical_altar_watching_god
D:3:      layout_loops_ring, chequers_temple_overflow_minitemple,
          kennysheep_decorative_pillar, guppyfry_early_lair_pool

Skill      XL: |  1  2  3  4  5 |
---------------+----------------+-----
Long Blades    | 3 |  3.7
Shields        | 4 |  4.0
Armour         | 4 |  4.0
Fighting       | |  3.6

Action                   |  1- 3 |  4- 6 || total
-------------------------+-------+-------++-------
Melee: Long sword        |    58 |    46 ||   104
       Kick              |    14 |    11 ||    25
       Peck              |     5 |     4 ||     9
  Use: Potion            |       |     1 ||     1
Armor: Scale mail        |     7 |       ||     7
       Chain mail        |    24 |    25 ||    49
Dodge: Dodged            |    20 |    12 ||    32
Block: Buckler           |     9 |     7 ||    16

Table legend: (Time is in decaauts)
 A = Elapsed time spent in this place.
 B = Non-inter-level travel time spent in this place.
 C = Inter-level travel time spent in this place.
 D = Time resting spent in this place.
 E = Time spent auto-exploring this place.
 F = Levels seen in this place.
 G = Mean time per level.
                   A        B        C        D        E       F      G
               +--------+--------+--------+--------+--------+-----+--------+
         Total |   2385 |   2328 |     57 |    133 |   1825 |   3 |  795.0 |
       Dungeon |   2385 |   2328 |     57 |    133 |   1825 |   3 |  795.0 |
               +--------+--------+--------+--------+--------+-----+--------+

Top non-repeatable levels by time:
     D:2: 1021 daAuts
     D:1: 854 daAuts
     D:3: 510 daAuts
